Map: Echo LE (Void)

Players

Bop - Winner!

  • Race: Zerg Zerg

LarryLove

  • Race: Protoss Protoss

VOD

Have the link to the VOD?

Description

Time

  • Played on: May 7, 2015, 5:06 a.m.
  • Length: 9:15
Show
View Real Time Build Order
Export as new Build Order

Bop Zerg - Winner!

Build Orders: Hatch First, Lurkers, Swarm Host 

Get SALT Encoding   

  12  0:01  Drone  
  13  0:09  Drone  
  14  0:17  Overlord  
  14  0:25  Drone, Extractor  
  15  0:40  Drone x2  
  17  0:44  Drone  
  18  0:57  Hatchery  
  17  1:02  Drone, Extractor  
  17  1:15  Spawning Pool  
  16  1:24  Drone x2  
  18  1:33  Drone  
  19  1:42  Drone  
  20  1:49  Overlord  
  20  2:03  Queen  
  22  2:08  Queen  
  22  2:10  Metabolic Boost  
  22  2:11  Zergling x2  
  25  2:18  Drone x2  
  27  2:24  Drone x2  
  29  2:32  Zergling x2  
  29  2:34  Drone  
  31  2:42  Drone x2  
  33  2:44  Burrow  
  33  2:45  Queen  
  35  2:52  Overlord  
  34  3:06  Spine Crawler  
  34  3:08  Drone x3, Spine Crawler  
  34  3:10  Zergling x2  
  34  3:12  Drone  
  37  3:16  Drone x2  
  39  3:20  Drone  
  39  3:21  Drone  
  36  3:36  Drone x3  
  36  3:41  Drone  
  34  3:48  Lair  
  34  3:52  Drone x2  
  35  4:00  Drone x4  
  38  4:08  Overlord  
  38  4:13  Drone x2  
  41  4:17  Drone x3  
  43  4:25  Zergling x2  
  43  4:27  Extractor  
  43  4:28  Extractor  
  42  4:37  Drone x5  
  47  4:47  Overseer  
  47  4:52  Drone x2, Infestation Pit  
  48  4:54  Drone, Queen  
  48  4:58  Overlord  
  51  5:07  Drone  
  52  5:09  Overlord  
  52  5:22  Overlord  
  52  5:23  Overlord  
  52  5:27  Extractor  
  51  5:29  Drone x3  
  51  5:30  Swarm Host x2  
  60  5:35  Swarm Host  
  60  5:40  Overlord  
  63  5:46  Swarm Host  
  66  5:52  Swarm Host  
  69  5:59  Drone x2  
  69  6:01  Hydralisk Den  
  68  6:23  Swarm Host  
  74  6:26  Drone x2  
  74  6:30  Lurker Den  
  76  6:36  Overlord x2  
  76  6:39  Hatchery  
  75  6:43  Hive  
  75  6:48  Zergling x2  
  75  6:49  Zergling x6  
  79  6:56  Overlord  
  80  7:01  Zergling x12  
  80  7:06  Overlord  
  85  7:26  Zergling x18  
  91  7:32  Evolution Chamber, Overlord  
  90  7:38  Overseer  
  90  7:45  Drone  
  90  7:46  Drone x2  
  92  7:54  Hydralisk  
  92  7:55  Hydralisk x6  
  105  8:15  Zergling x16  
  113  8:25  Lurker x4  
  113  8:26  Overseer  
  117  8:36  Drone x5  
  117  8:37  Overlord x2  
  117  8:38  Extractor  
  117  8:40  Extractor  
  120  8:41  Lurker x2  
  120  8:43  Overlord  
  120  8:57  Drone x9  
Show
View Real Time Build Order
Export as new Build Order

LarryLove Protoss 

Build Orders:  

Get SALT Encoding   

  12  0:09  Pylon  
  12  0:13  Probe  
  13  0:26  Probe  
  14  0:31  Gateway  
  14  0:38  Probe (Chrono Boost)  
  15  0:48  Assimilator  
  15  0:49  Probe (Chrono Boost)  
  16  0:55  Probe (Chrono Boost)  
  17  1:07  Probe (Chrono Boost)  
  17  1:09  Gateway  
  19  1:19  Probe (Chrono Boost)  
  19  1:20  Cybernetics Core  
  19  1:47  Nexus  
  19  1:54  Pylon  
  19  2:08  Warp Gate  
  21  2:11  Adept (Chrono Boost), Assimilator  
  21  2:14  Probe, Adept (Chrono Boost)  
  24  2:27  Probe  
  25  2:36  Adept (Chrono Boost)  
  29  2:38  Adept (Chrono Boost), Pylon  
  29  2:42  Probe  
  31  2:58  Probe (Chrono Boost)  
  31  3:01  Probe (Chrono Boost)  
  32  3:12  Mothership Core (Chrono Boost), Pylon  
  35  3:14  Probe (Chrono Boost)  
  35  3:29  Probe x2  
  37  3:41  Probe x2  
  39  3:53  Probe x2  
  41  3:56  Forge  
  41  3:57  Gateway  
  41  4:05  Probe (Chrono Boost)  
  43  4:11  Probe (Chrono Boost)  
  43  4:13  Pylon  
  43  4:15  Gateway  
  41  4:19  Probe x2 (Chrono Boost)  
  41  4:23  Sentry x2  
  47  4:30  Probe (Chrono Boost), Protoss Ground Weapons Level 1 (Chrono Boost)  
  49  4:34  Probe (Chrono Boost)  
  49  4:37  Probe (Chrono Boost)  
  50  4:40  Assimilator  
  50  4:41  Probe  
  50  4:43  Assimilator  
  51  4:49  Probe (Chrono Boost)  
  52  4:54  Photon Cannon  
  52  4:56  Adept x2  
  52  4:59  Probe (Chrono Boost)  
  58  5:01  Probe (Chrono Boost)  
  59  5:07  Probe (Chrono Boost)  
  59  5:08  Probe (Chrono Boost)  
  59  5:11  Pylon  
  59  5:13  Pylon  
  60  5:17  Stalker  
  60  5:18  Probe  
  63  5:21  Probe  
  64  5:30  Probe  
  64  5:33  Twilight Council  
  65  5:37  Photon Cannon  
  65  5:39  Stalker x2  
  65  5:40  Stalker  
  71  5:48  Probe x2  
  73  5:59  Photon Cannon  
  73  6:02  Stalker, Pylon  
  73  6:03  Stalker x2  
  79  6:25  Nexus  
  79  6:30  Gateway, Blink (Chrono Boost)  
  79  6:31  Protoss Ground Weapons Level 2  
  79  6:32  Gateway  
  79  6:33  Sentry, Zealot  
  79  6:36  Gateway  
  83  6:46  Photon Cannon  
  83  6:49  Sentry  
  85  6:55  Robotics Facility  
  85  6:59  Adept x2  
  89  7:19  Photon Cannon  
  89  7:23  Photon Cannon  
  89  7:34  Stalker  
  91  7:37  Pylon  
  91  7:38  Pylon  
  89  7:44  Stalker x2, Zealot  
  89  7:45  Stalker  
  95  7:52  Adept  
  95  7:56  Observer (Chrono Boost)  
  95  7:58  Probe x2  
  96  8:10  Probe  
  96  8:11  Nexus  
  97  8:14  Immortal (Chrono Boost)  
  97  8:17  Sentry  
  97  8:18  Sentry  
  105  8:20  Probe  
  106  8:33  Stalker  
  108  8:56  Pylon  
  108  8:58  Pylon  
  108  9:02  Pylon  
  90  9:05  Pylon  
Tags
 
Add a new tag
Caveats
  • Supply blocks, unpowered buildings, or Contaminate may cause inaccurate times.
  • Supply counts are checked every 10 seconds.